 Dungeon Crawl Stone Soup version 0.21.2-1-g0862bd2 (webtiles) character file.

370 smallpebble the Chopper (level 6, -1/53 HPs)
             Began as a Hill Orc Fighter on Apr 11, 2019.
             Slain by a worm (6 damage)
             ... on level 4 of the Dungeon.
             The game lasted 00:06:30 (2780 turns).

smallpebble the Chopper (Hill Orc Fighter)          Turns: 2780, Time: 00:06:32

Health: -1/53      AC: 10    Str: 20    XL:     6   Next: 70%
Magic:  6/6        EV:  8    Int:  8    God:
Gold:   150        SH: 10    Dex: 11    Spells: 5/5 levels left

rFire    . . .     SeeInvis .   a - +0 war axe
rCold    . . .     Gourm    .   c - +0 shield
rNeg     . . .     Faith    .   b - +0 scale mail
rPois    .         Spirit   .   (no helmet)
rElec    .         Reflect  .   k - +2 cloak {+Inv}
rCorr    .         Harm     .   (no gloves)
MR       .....                  (no boots)
Stlth    ..........             (no amulet)
HPRegen  0.17/turn              (no ring)
MPRegen  0.10/turn              (no ring)

@: no status effects
A: no striking features
a: Convert to Beogh, Evoke Invisibility


You were on level 4 of the Dungeon.
You were very hungry.

You visited 1 branch of the dungeon, and saw 4 of its levels.

You collected 150 gold pieces.

Inventory:

Hand Weapons
 a - a +0 war axe (weapon)
 l - a +2 quarterstaff of chaos
Armour
 b - a +0 scale mail (worn)
 c - a +0 shield (worn)
 k - a +2 cloak of invisibility (worn)
 m - a cursed +0 ring mail
Jewellery
 o - an uncursed amulet of harm {unknown}
 t - the ring "Lionil" {rPois Int+2, unknown}
   (You found it on level 4 of the Dungeon)

   [ring of poison resistance]

   It affects your intelligence (+2).
   It protects you from poison.
Scrolls
 e - a scroll of amnesia {unknown}
 g - a scroll of fog {unknown}
 i - 2 scrolls of remove curse {unknown}
 j - 2 scrolls of immolation {unknown}
 n - a scroll of teleportation {unknown}
 r - 2 scrolls of identify
Potions
 d - a potion of magic {unknown}
 h - a potion of lignification {unknown}
 p - a potion of agility
 q - a potion of might
 s - a potion of mutation {unknown}
Comestibles
 f - 7 rations


   Skills:
 + Level 4.6 Fighting
 + Level 5.3 Axes
 + Level 4.7 Armour
 + Level 1.1 Dodging
 + Level 0.2 Stealth
 + Level 5.0 Shields


You had 5 spell levels left.
You didn't know any spells.

Dungeon Overview and Level Annotations

Branches:
Dungeon (4/15)
 Temple: D:4-7

Altars:
Hepliaklqana
Trog
Yredelemnul


Message History

You block the worm's attack. The adder bites you but does no damage.
You barely miss the worm. You miss the adder. You block the adder's attack.
The orc priest looks braver for a moment.
You hit the worm but do no damage. You miss the adder.
The adder bites you but does no damage. The worm bites you.
The orc priest calls down the wrath of Beogh upon you.
Beogh smites you! You block the adder's attack.
You slash the worm!
The worm is heavily wounded.
The orc priest shouts, "Surrender to Beogh and we'll let you live!"
You hit the adder. You block the adder's attack.
The worm bites you but does no damage. The adder bites you but does no damage.
You hit the worm.
The worm is severely wounded.
You hit the adder.
The orc priest mumbles some strange prayers to Beogh against you.
Beogh smites you!
* * * LOW HITPOINT WARNING * * *
You block the adder's attack. The worm bites you.
You die...

######'####..# #.# #
#.........#..# #.# #
#.........#..# #.# #
...........##.## #.# #
.###.......##..####.#####
#.......##..#.........
#####............#####
#w#####..###.##.# #@#
##.###.##.# #S#
#..##.##.# #o# ##>......#
#o# #.##.##.# #o#
#.......# .......o#
#.#####.# ..S$....# #.#
#.# .......$# #.# #.#
........# ... ..#


You could see a worm, 2 orc priests, an adder and 2 orcs.

Vanquished Creatures
  A phantom (D:4)
  A howler monkey (D:3)
  A crimson imp (D:2)
  Crazy Yiuf (D:2)
  Terence (D:3)
  7 adders
  An ooze (D:2)
  A worm (D:2)
  A dart slug (D:1)
  A leopard gecko (D:2)
  5 orcs
  3 ball pythons
  6 bats
  5 giant cockroaches
  5 goblins
  7 hobgoblins
  10 jackals
  10 kobolds
  A quokka (D:2)
  3 frilled lizards
  6 rats
77 creatures vanquished.

Notes
Turn   | Place    | Note
-------+----------+-------------------------------------------
     0 | D:1      | smallpebble the Hill Orc Fighter began the quest for the Orb.
     0 | D:1      | Reached XP level 1. HP: 19/19 MP: 1/1
   143 | D:1      | Reached XP level 2. HP: 27/27 MP: 2/2
   407 | D:1      | Reached XP level 3. HP: 19/33 MP: 3/3
   768 | D:2      | Found a basalt altar of Yredelemnul.
   881 | D:2      | Reached XP level 4. HP: 40/40 MP: 4/4
   893 | D:2      | Found a bloodstained altar of Trog.
  1055 | D:2      | Reached XP level 5. HP: 39/46 MP: 5/5
  1528 | D:2      | Found a runed door.
  1704 | D:2      | Noticed Crazy Yiuf
  1714 | D:2      | Killed Crazy Yiuf
  1943 | D:3      | Noticed Terence
  1949 | D:3      | Killed Terence
  2167 | D:3      | Reached XP level 6. HP: 53/53 MP: 6/6
  2469 | D:3      | Reached skill level 1 in Dodging
  2548 | D:3      | Found a hazy altar of Hepliaklqana.
  2633 | D:4      | Noticed a phantom
  2664 | D:4      | Killed a phantom
  2664 | D:4      | Reached skill level 5 in Axes
  2690 | D:4      | Got an ancient iron ring
  2694 | D:4      | Reached skill level 5 in Shields
  2780 | D:4      | Slain by a worm

Skill      XL: |  1  2  3  4  5  6 |
---------------+-------------------+-----
Fighting       | 4 |  4.6
Axes           | 3 4 5 |  5.3
Shields        | 4 5 |  5.0
Armour         | 4 |  4.7
Dodging        | 1 |  1.1
Stealth        | |  0.2

Action                   |  1- 3 |  4- 6 || total
-------------------------+-------+-------++-------
Melee: War axe           |    99 |   178 ||   277
  Use: Scroll            |       |     2 ||     2
       Potion            |       |     1 ||     1
  Eat: Chunk             |       |     2 ||     2
       Ration            |       |     1 ||     1
Armor: Scale mail        |    43 |    87 ||   130
Dodge: Dodged            |    28 |    61 ||    89
Block: Shield            |    61 |   100 ||   161
